Bruins vs Sabres
Created - 10 décembre 2012 at 19:01
Goals
|
| Bruins |
1 |
0 |
1 |
0 |
2 |
| Sabres |
0 |
1 |
1 |
1 |
3 |
|
Shots
|
| Bruins |
15 |
9 |
8 |
0 |
32 |
| Sabres |
6 |
9 |
9 |
1 |
25 |
|
1st period
1. Bruins , Victor Oreskovich 1 (Zdeno Chara, Eric Lindros) at 15:48 (PP)
Penalties :
Paul Gaustad (Buf) for Unsportsmanlike conduct (Major / Game Misconduct) at 2:42, Niklas Sundstrom (Buf) for Interference (Minor) at 9:37, Daniel Cleary (Buf) for Roughing (Minor) at 15:00
2nd period
2. Sabres , Dave Tanabe 2 (Daniel Cleary, Niclas Havelid) at 11:27 (PP)
Penalties :
Christoph Schubert (Bos) for Holding (Minor) at 1:37, Matt Hendricks (Bos) for Hooking (Minor) at 10:58
3rd period
3. Bruins , Jeff Carter 7 (Zdeno Chara, Vitali Yachmenev) at 14:51 (PP)
4. Sabres , Andreas Johansson 2 (Daniel Briere) at 17:15
Penalties :
Daniel Cleary (Buf) for Slashing (Minor) at 5:59, Andreas Johansson (Buf) for Slashing (Minor) at 14:02
Overtime #1
5. Sabres , Markus Naslund 7 (Mats Sundin) at 0:30
Penalties :
No Penalty
Goalie Stats
Evgeni Nabokov (Bos), 22 saves from 25 shots - (0,880), OTL, 4-3-3, 60:30 minutes
Niklas Backstrom (Buf), 30 saves from 32 shots - (0,938), W, 4-7-1, 60:30 minutes
Players Stats for Bruins
Player Name G A P +/- PIM S H SB GA TA FO MP PP MP PK MP
------------------------------------------------------------------------------------
Andrew Alberts 0 0 0 -1 0 3 0 2 1 0 0/0 25:40 4:17 1:34
Christoph Schubert 0 0 0 0 2 0 1 1 0 0 0/0 14:16 0:37 0:00
Eric Lindros 0 1 1 -1 0 5 1 1 2 0 23/40 21:07 5:20 0:38
Jeff Carter 1 0 1 -1 0 2 2 0 0 0 3/8 17:43 4:09 0:00
Jochen Hecht 0 0 0 0 0 0 0 1 0 1 3/5 11:34 0:13 0:00
Joe Corvo 0 0 0 -1 0 1 0 2 1 1 0/0 21:16 5:40 0:54
Matt Cooke 0 0 0 0 0 5 0 0 0 0 1/1 8:43 0:46 0:49
Matt Hendricks 0 0 0 0 2 0 3 0 0 0 1/4 7:42 0:00 1:01
Michael Ryder 0 0 0 0 0 3 0 1 0 0 2/2 18:02 1:20 1:30
Mike Grier 0 0 0 0 0 0 1 0 0 0 0/0 6:47 0:05 0:00
Richard Lintner 0 0 0 0 0 1 2 0 1 0 0/0 15:49 4:17 0:54
Ryan O'Byrne 0 0 0 -1 0 0 0 0 0 0 0/0 17:56 0:37 1:34
Scott Hartnell 0 0 0 -1 0 3 1 0 0 0 0/2 21:23 5:19 0:29
Scottie Upshall 0 0 0 0 0 2 2 1 1 1 2/2 12:36 0:59 0:00
Victor Oreskovich 1 0 1 0 0 3 1 0 0 1 1/2 16:34 5:14 0:00
Vitali Yachmenev 0 1 1 -1 0 0 2 0 0 0 0/0 17:43 4:09 0:00
Wojtek Wolski 0 0 0 -1 0 3 4 0 0 1 0/0 18:11 4:08 0:29
Zdeno Chara 0 2 2 -1 0 1 0 1 1 2 0/0 26:28 5:40 0:00
Players Stats for Sabres
Player Name G A P +/- PIM S H SB GA TA FO MP PP MP PK MP
------------------------------------------------------------------------------------
Andreas Johansson 1 0 1 1 2 2 2 0 1 0 0/1 14:56 1:37 1:34
Boyd Devereaux 0 0 0 0 0 1 0 0 0 0 3/8 9:51 0:51 0:45
Brendan Morrison 0 0 0 0 0 5 2 1 0 0 8/17 18:19 0:00 5:21
Christian Laflamme 0 0 0 0 0 2 1 0 0 2 0/0 20:58 0:00 5:07
Daniel Briere 0 1 1 1 0 1 2 1 0 0 0/1 19:04 0:45 5:21
Daniel Cleary 0 1 1 0 4 0 3 1 2 0 1/1 18:41 1:37 1:08
Dave Tanabe 1 0 1 2 0 1 1 0 2 1 0/0 16:28 1:43 0:42
Ladislav Nagy 0 0 0 0 0 1 0 1 0 1 0/0 12:51 0:51 0:16
Markus Naslund 1 0 1 1 0 5 1 2 0 0 1/1 19:31 0:19 3:20
Martin Sonnenberg 0 0 0 1 0 0 2 1 0 0 6/11 16:10 0:00 0:00
Mats Sundin 0 1 1 1 0 3 1 1 1 0 11/25 20:43 1:18 3:23
Mattias Timander 0 0 0 0 0 0 0 2 1 0 0/0 21:00 0:00 4:57
Michal Rozsival 0 0 0 0 0 2 3 1 0 1 0/0 23:02 0:45 4:55
Niclas Havelid 0 1 1 2 0 0 0 1 0 0 0/0 16:30 1:43 0:32
Niklas Sundstrom 0 0 0 0 2 2 2 2 0 0 0/1 12:58 0:51 0:00
Ole-Kristian Tollefsen 0 0 0 0 0 0 2 4 0 2 0/0 22:09 0:00 4:55
Paul Gaustad 0 0 0 0 15 0 0 0 0 0 0/0 0:27 0:00 0:00
Stanislav Chistov 0 0 0 0 0 0 1 1 0 0 0/0 7:43 0:00 0:00
3 Stars
1 - Dave Tanabe (Buf)
2 - Markus Naslund (Buf)
3 - Niklas Backstrom (Buf)
Power Play
Bruins - 2 on 5 Attempt(s) - 40,00%
Sabres - 1 on 2 Attempt(s) - 50,00%
Penalty Kill
Bruins - 1 on 2 Attempt(s) - 50,00%
- Score 0 goal in Penalty Kill
Sabres - 3 on 5 Attempt(s) - 60,00%
- Score 0 goal in Penalty Kill
Official
Referees : O'Rourke Dan and StLaurent Francois
Linesman : Mike Cvik and Lyle Seitz
Game Notes
Paul Gaustad ejected from game at 2:42 of 1st period
Finance
Level 1 -- Attendance: 5464 (91,07%) -- Ticket Income 491 760 $
Level 2 -- Attendance: 3288 (65,76%) -- Ticket Income 213 720 $
Level 3 -- Attendance: 1088 (54,40%) -- Ticket Income 48 960 $
Level 4 -- Attendance: 2452 (61,30%) -- Ticket Income 61 300 $
Luxury Box -- Attendance: 967 (96,70%) -- Ticket Income 169 225 $
Game was played at the Duff Garden
Total Attendance: 13259 (73,66%)
Total Ticket Income: 984 965 $
Total Income: 984 965 $
Bruins
5 vs 5 Forward
Center Left Wing Right Wing Time % Phy DF OF
1 Eric Lindros Scott Hartnell Michael Ryder 40 1 2 2
2 Jeff Carter Wojtek Wolski Vitali Yachmenev 30 1 2 2
3 Jochen Hecht Scottie Upshall Victor Oreskovich 20 1 2 2
4 Matt Hendricks Matt Cooke Mike Grier 10 1 2 2
5 vs 5 Defense
Defense Defense Time % Phy DF OF
1 Zdeno Chara Andrew Alberts 40 1 2 2
2 Ryan O'Byrne Joe Corvo 30 1 2 2
3 Richard Lintner Christoph Schubert 20 1 2 2
4 Zdeno Chara Andrew Alberts 10 1 2 2
PowerPlay Forward
Center Left Wing Right Wing Time % Phy DF OF
1 Eric Lindros Scott Hartnell Victor Oreskovich 60 0 2 3
2 Jeff Carter Wojtek Wolski Vitali Yachmenev 40 0 2 3
PowerPlay Defense
Defense Defense Time % Phy DF OF
1 Zdeno Chara Joe Corvo 60 0 2 3
2 Richard Lintner Andrew Alberts 40 0 2 3
Penalty Kill 4 Players Forward
Center Wing Time % Phy DF OF
1 Matt Hendricks Michael Ryder 60 1 3 1
2 Eric Lindros Wojtek Wolski 40 1 3 1
Penalty Kill 4 Players Defense
Defense Defense Time % Phy DF OF
1 Ryan O'Byrne Andrew Alberts 60 2 3 0
2 Richard Lintner Joe Corvo 40 2 3 0
Penalty Kill - 3 Players Forward
Forward Time % Phy DF OF
1 Jochen Hecht 60 1 3 1
2 Matt Cooke 40 1 3 1
Penalty Kill - 3 Players Defense
Defense Defense Time % Phy DF OF
1 Zdeno Chara Andrew Alberts 60 2 3 0
2 Ryan O'Byrne Joe Corvo 40 2 3 0
4 vs 4 Forward
Center Wing Time % Phy DF OF
1 Eric Lindros Scott Hartnell 60 1 2 2
2 Wojtek Wolski Jeff Carter 40 1 2 2
4 vs 4 Defense
Defense Defense Time % Phy DF OF
1 Zdeno Chara Andrew Alberts 60 1 2 2
2 Ryan O'Byrne Joe Corvo 40 1 2 2
Last Minutes Offensive
Center Left Wing Right Wing Defense Defense
Eric Lindros Wojtek Wolski Vitali Yachmenev Zdeno Chara Joe Corvo
Last Minutes Defensive
Center Left Wing Right Wing Defense Defense
Eric Lindros Wojtek Wolski Vitali Yachmenev Ryan O'Byrne Andrew Alberts
Goaltenders
Starting : Evgeni Nabokov
Backup : Dan Cloutier
Extra Forwards
Normal : Michael Ryder, Scottie Upshall, Victor Oreskovich - PP : Michael Ryder, Scottie Upshall - PK : Matt Cooke
Extra Defensemen
Normal : Richard Lintner, Christoph Schubert, Ryan O'Byrne - PP : Richard Lintner - PK : Christoph Schubert, Ryan O'Byrne
Penalty Shots
Eric Lindros, Jeff Carter, Wojtek Wolski, Zdeno Chara, Michael Ryder
Sabres
5 vs 5 Forward
Center Left Wing Right Wing Time % Phy DF OF
1 Mats Sundin Markus Naslund Daniel Cleary 35 2 1 2
2 Paul Gaustad Andreas Johansson Daniel Briere 25 1 2 2
3 Brendan Morrison Ladislav Nagy Niklas Sundstrom 25 0 2 3
4 Boyd Devereaux Martin Sonnenberg Stanislav Chistov 15 0 3 2
5 vs 5 Defense
Defense Defense Time % Phy DF OF
1 Ole-Kristian Tollefsen Michal Rozsival 36 1 3 1
2 Dave Tanabe Niclas Havelid 34 1 3 1
3 Christian Laflamme Mattias Timander 30 1 3 1
4 Christian Laflamme Mattias Timander 0 0 5 0
PowerPlay Forward
Center Left Wing Right Wing Time % Phy DF OF
1 Paul Gaustad Andreas Johansson Daniel Cleary 60 1 1 3
2 Boyd Devereaux Ladislav Nagy Niklas Sundstrom 40 0 2 3
PowerPlay Defense
Defense Defense Time % Phy DF OF
1 Dave Tanabe Niclas Havelid 60 0 1 4
2 Daniel Briere Michal Rozsival 40 0 1 4
Penalty Kill 4 Players Forward
Center Wing Time % Phy DF OF
1 Brendan Morrison Daniel Briere 60 1 3 1
2 Mats Sundin Markus Naslund 40 1 3 1
Penalty Kill 4 Players Defense
Defense Defense Time % Phy DF OF
1 Ole-Kristian Tollefsen Michal Rozsival 50 1 3 1
2 Christian Laflamme Mattias Timander 50 0 4 1
Penalty Kill - 3 Players Forward
Forward Time % Phy DF OF
1 Brendan Morrison 60 1 4 0
2 Mats Sundin 40 1 4 0
Penalty Kill - 3 Players Defense
Defense Defense Time % Phy DF OF
1 Ole-Kristian Tollefsen Michal Rozsival 50 1 4 0
2 Christian Laflamme Mattias Timander 50 0 5 0
4 vs 4 Forward
Center Wing Time % Phy DF OF
1 Brendan Morrison Daniel Briere 50 1 2 2
2 Mats Sundin Markus Naslund 50 1 2 2
4 vs 4 Defense
Defense Defense Time % Phy DF OF
1 Dave Tanabe Niclas Havelid 50 1 3 1
2 Ole-Kristian Tollefsen Michal Rozsival 50 1 3 1
Last Minutes Offensive
Center Left Wing Right Wing Defense Defense
Brendan Morrison Markus Naslund Mats Sundin Daniel Briere Michal Rozsival
Last Minutes Defensive
Center Left Wing Right Wing Defense Defense
Brendan Morrison Markus Naslund Daniel Briere Ole-Kristian Tollefsen Michal Rozsival
Goaltenders
Starting : Niklas Backstrom
Backup : Scott Clemmensen
Extra Forwards
Normal : Martin Sonnenberg, Stanislav Chistov, Boyd Devereaux - PP : Mats Sundin, Markus Naslund - PK : Daniel Cleary
Extra Defensemen
Normal : Christian Laflamme, Niclas Havelid, Dave Tanabe - PP : Mattias Timander - PK : Christian Laflamme, Niclas Havelid
Penalty Shots
Daniel Briere, Markus Naslund, Mats Sundin, Ladislav Nagy, Brendan Morrison
% Time on Ice - Bruins
Lines # - Real PCT - Wanted PCT - Time Play
Normal Forward
1 - 32% - 40% - 15:05
2 - 29% - 30% - 13:50
3 - 24% - 20% - 11:21
4 - 14% - 10% - 6:42
Normal Defense
1 - 41% - 40% - 19:10
2 - 36% - 30% - 16:46
3 - 21% - 20% - 9:44
4 - 3% - 10% - 1:18
PP Forward
1 - 60% - 60% - 6:18
2 - 40% - 40% - 4:16
PP Defense
1 - 59% - 60% - 6:17
2 - 41% - 40% - 4:17
PK Forward
1 - 80% - 60% - 1:59
2 - 20% - 40% - 0:29
PK Defense
1 - 64% - 60% - 1:34
2 - 36% - 40% - 0:54
PK3 Forward
1 - 0% - 60%
2 - 0% - 40%
PK3 Defense
1 - 0% - 60%
2 - 0% - 40%
44 Forward
1 - 100% - 60% - 0:30
2 - 0% - 40% - 0:00
44 Defense
1 - 100% - 60% - 0:30
2 - 0% - 40% - 0:00
Last Minute Offensive - 0:00
Last Minute Defensive - 0:00
Total
Forward - 60:30
Defense - 60:30
|
% Time on Ice - Sabres
Lines # - Real PCT - Wanted PCT - Time Play
Normal Forward
1 - 36% - 35% - 16:55
2 - 25% - 25% - 11:38
3 - 25% - 25% - 11:39
4 - 14% - 15% - 6:46
Normal Defense
1 - 37% - 36% - 17:14
2 - 34% - 34% - 16:07
3 - 29% - 30% - 13:37
4 - 0% - 0% - 0:00
PP Forward
1 - 66% - 60% - 1:37
2 - 34% - 40% - 0:51
PP Defense
1 - 70% - 60% - 1:43
2 - 30% - 40% - 0:45
PK Forward
1 - 66% - 60% - 6:59
2 - 34% - 40% - 3:35
PK Defense
1 - 48% - 50% - 5:05
2 - 52% - 50% - 5:29
PK3 Forward
1 - 0% - 60%
2 - 0% - 40%
PK3 Defense
1 - 0% - 50%
2 - 0% - 50%
44 Forward
1 - 73% - 50% - 0:22
2 - 27% - 50% - 0:08
44 Defense
1 - 100% - 50% - 0:30
2 - 0% - 50% - 0:00
Last Minute Offensive - 0:00
Last Minute Defensive - 0:00
Total
Forward - 60:30
Defense - 60:30
|
Play by Play
1st period
0:01 of 1st period - Eric Lindros wins face-off versus Mats Sundin in neutral zone.
0:04 of 1st period - Wrist shot by Eric Lindros.
0:04 of 1st period - Deflect By Michael Ryder.
0:04 of 1st period - Stopped by Niklas Backstrom with a rebound.
0:10 of 1st period - Wrist shot by Eric Lindros.
0:10 of 1st period - Stopped by Niklas Backstrom with a rebound.
0:12 of 1st period - Slapshot by Andrew Alberts.
0:12 of 1st period - Deflect By Michal Rozsival.
0:12 of 1st period - Stopped by Niklas Backstrom with a rebound.
0:14 of 1st period - Slapshot by Andrew Alberts.
0:14 of 1st period - Shot Misses the Net.
0:53 of 1st period - Snap shot by Matt Cooke.
0:53 of 1st period - Stopped by Niklas Backstrom without a rebound.
0:54 of 1st period - Jochen Hecht wins face-off versus Martin Sonnenberg in Sabres zone.
1:23 of 1st period - Snap shot by Scottie Upshall.
1:23 of 1st period - Stopped by Niklas Backstrom without a rebound.
1:24 of 1st period - Eric Lindros wins face-off versus Brendan Morrison in Sabres zone.
1:39 of 1st period - Snap shot by Michael Ryder.
1:39 of 1st period - Stopped by Niklas Backstrom with a rebound.
1:49 of 1st period - Christian Laflamme is hit by Mike Grier and loses puck.
2:30 of 1st period - Wojtek Wolski is hit by Markus Naslund and loses puck.
2:42 of 1st period - Major / Game Misconduct Penalty to Paul Gaustad for Unsportsmanlike conduct.
2:42 of 1st period - Paul Gaustad is ejected from game.
2:43 of 1st period - Eric Lindros wins face-off versus Brendan Morrison in Sabres zone.
2:46 of 1st period - Slapshot by Scott Hartnell.
2:46 of 1st period - Shot Misses the Net.
2:57 of 1st period - Icing by Richard Lintner.
2:58 of 1st period - Brendan Morrison wins face-off versus Eric Lindros in Bruins zone.
3:09 of 1st period - Snap shot by Brendan Morrison.
3:09 of 1st period - Stopped by Evgeni Nabokov without a rebound.
3:10 of 1st period - Brendan Morrison wins face-off versus Eric Lindros in Bruins zone.
3:11 of 1st period - Wrist shot by Daniel Briere.
3:11 of 1st period - Deflect By Brendan Morrison.
3:11 of 1st period - Stopped by Evgeni Nabokov without a rebound.
3:12 of 1st period - Eric Lindros wins face-off versus Brendan Morrison in Bruins zone.
5:08 of 1st period - Scottie Upshall is hit by Daniel Cleary and loses puck.
6:31 of 1st period - Richard Lintner is hit by Ole-Kristian Tollefsen and loses puck.
7:30 of 1st period - Vitali Yachmenev is hit by Ole-Kristian Tollefsen and loses puck.
7:42 of 1st period - Penalty to Paul Gaustad is over, Daniel Briere is send on ice.
7:49 of 1st period - Mike Grier is hit by Stanislav Chistov and loses puck.
8:34 of 1st period - Scottie Upshall is hit by Michal Rozsival.
8:55 of 1st period - Icing by Markus Naslund.
8:56 of 1st period - Mats Sundin wins face-off versus Matt Hendricks in Sabres zone.
9:03 of 1st period - Zdeno Chara is hit by Daniel Cleary and loses puck.
9:16 of 1st period - Dave Tanabe is hit by Wojtek Wolski and loses puck.
9:37 of 1st period - Minor Penalty to Niklas Sundstrom for Interference.
9:38 of 1st period - Victor Oreskovich wins face-off versus Brendan Morrison in Sabres zone.
9:51 of 1st period - Ole-Kristian Tollefsen is hit by Eric Lindros and loses puck.
10:10 of 1st period - Snap shot by Wojtek Wolski.
10:10 of 1st period - Stopped by Niklas Backstrom with a rebound.
10:24 of 1st period - Christian Laflamme is hit by Jeff Carter and loses puck.
10:39 of 1st period - Slapshot by Joe Corvo.
10:39 of 1st period - Stopped by Niklas Backstrom without a rebound.
10:40 of 1st period - Brendan Morrison wins face-off versus Eric Lindros in Sabres zone.
11:37 of 1st period - Penalty to Niklas Sundstrom is over, Niklas Sundstrom is back on ice.
12:26 of 1st period - Daniel Cleary is hit by Matt Hendricks and loses puck.
13:22 of 1st period - Matt Cooke is hit by Michal Rozsival and loses puck.
13:37 of 1st period - Slapshot by Michal Rozsival.
13:37 of 1st period - Deflect By Martin Sonnenberg.
13:37 of 1st period - Shot Blocked by Christoph Schubert.
13:37 of 1st period - Puck is out of play.
13:38 of 1st period - Jeff Carter wins face-off versus Boyd Devereaux in Bruins zone.
13:47 of 1st period - Slapshot by Joe Corvo.
13:47 of 1st period - Shot Blocked by Niclas Havelid.
13:59 of 1st period - Wrist shot by Daniel Briere.
13:59 of 1st period - Shot Misses the Net.
14:15 of 1st period - Snap shot by Mats Sundin.
14:15 of 1st period - Shot Misses the Net.
14:17 of 1st period - Snap shot by Markus Naslund.
14:17 of 1st period - Stopped by Evgeni Nabokov without a rebound.
14:18 of 1st period - Daniel Cleary wins face-off versus Eric Lindros in Bruins zone.
14:33 of 1st period - Slapshot by Markus Naslund.
14:33 of 1st period - Stopped by Evgeni Nabokov with a rebound.
14:51 of 1st period - Wrist shot by Scottie Upshall.
14:51 of 1st period - Shot Blocked by Daniel Briere.
14:53 of 1st period - Snap shot by Victor Oreskovich.
14:53 of 1st period - Stopped by Niklas Backstrom without a rebound.
14:54 of 1st period - Mats Sundin wins face-off versus Scott Hartnell in Sabres zone.
15:00 of 1st period - Minor Penalty to Daniel Cleary for Roughing.
15:01 of 1st period - Brendan Morrison wins face-off versus Eric Lindros in Sabres zone.
15:30 of 1st period - Wrist shot by Jeff Carter.
15:30 of 1st period - Stopped by Niklas Backstrom without a rebound.
15:31 of 1st period - Eric Lindros wins face-off versus Mats Sundin in Sabres zone.
15:34 of 1st period - Wrist shot by Eric Lindros.
15:34 of 1st period - Stopped by Niklas Backstrom without a rebound.
15:35 of 1st period - Eric Lindros wins face-off versus Brendan Morrison in Sabres zone.
15:40 of 1st period - Snap shot by Eric Lindros.
15:40 of 1st period - Stopped by Niklas Backstrom with a rebound.
15:42 of 1st period - Slapshot by Zdeno Chara.
15:42 of 1st period - Shot Blocked by Mattias Timander.
15:44 of 1st period - Slapshot by Zdeno Chara.
15:44 of 1st period - Shot Misses the Net.
15:46 of 1st period - Wrist shot by Victor Oreskovich.
15:46 of 1st period - Shot Blocked by Brendan Morrison.
15:48 of 1st period - Snap shot by Victor Oreskovich.
15:48 of 1st period - Goal by Victor Oreskovich - Bruins : 1 - Sabres : 0.
15:49 of 1st period - Eric Lindros wins face-off versus Mats Sundin in neutral zone.
16:15 of 1st period - Snap shot by Victor Oreskovich.
16:15 of 1st period - Shot Misses the Net.
16:29 of 1st period - Wrist shot by Markus Naslund.
16:29 of 1st period - Stopped by Evgeni Nabokov without a rebound.
16:30 of 1st period - Eric Lindros wins face-off versus Martin Sonnenberg in Bruins zone.
16:43 of 1st period - Wrist shot by Daniel Briere.
16:43 of 1st period - Shot Blocked by Eric Lindros.
16:45 of 1st period - Snap shot by Andreas Johansson.
16:45 of 1st period - Shot Misses the Net.
17:01 of 1st period - Niklas Sundstrom is hit by Vitali Yachmenev and loses puck.
17:21 of 1st period - Slapshot by Christian Laflamme.
17:21 of 1st period - Stopped by Evgeni Nabokov without a rebound.
17:22 of 1st period - Jochen Hecht wins face-off versus Boyd Devereaux in Bruins zone.
17:31 of 1st period - Ole-Kristian Tollefsen is hit by Victor Oreskovich and loses puck.
17:40 of 1st period - Slapshot by Victor Oreskovich.
17:40 of 1st period - Stopped by Niklas Backstrom without a rebound.
17:41 of 1st period - Eric Lindros wins face-off versus Mats Sundin in Sabres zone.
18:30 of 1st period - Joe Corvo is hit by Brendan Morrison.
19:12 of 1st period - Snap shot by Matt Cooke.
19:12 of 1st period - Shot Misses the Net.
19:29 of 1st period - Niklas Sundstrom is hit by Richard Lintner and loses puck.
19:34 of 1st period - Wrist shot by Wojtek Wolski.
19:34 of 1st period - Stopped by Niklas Backstrom without a rebound.
19:35 of 1st period - Eric Lindros wins face-off versus Mats Sundin in Sabres zone.
2nd period
0:01 of 2nd period - Mats Sundin wins face-off versus Eric Lindros in neutral zone.
0:16 of 2nd period - Off-side.
0:17 of 2nd period - Martin Sonnenberg wins face-off versus Jeff Carter in neutral zone.
0:32 of 2nd period - Snap shot by Martin Sonnenberg.
0:32 of 2nd period - Shot Misses the Net.
1:37 of 2nd period - Minor Penalty to Christoph Schubert for Holding.
1:38 of 2nd period - Mats Sundin wins face-off versus Matt Hendricks in Bruins zone.
1:39 of 2nd period - Snap shot by Andreas Johansson.
1:39 of 2nd period - Stopped by Evgeni Nabokov without a rebound.
1:40 of 2nd period - Matt Hendricks wins face-off versus Andreas Johansson in Bruins zone.
3:06 of 2nd period - Mats Sundin is hit by Wojtek Wolski and loses puck.
3:19 of 2nd period - Michael Ryder is hit by Niklas Sundstrom and loses puck.
3:35 of 2nd period - Joe Corvo is hit by Niklas Sundstrom and loses puck.
3:37 of 2nd period - Penalty to Christoph Schubert is over, Christoph Schubert is back on ice.
3:58 of 2nd period - Slapshot by Christian Laflamme.
3:58 of 2nd period - Stopped by Evgeni Nabokov with a rebound.
4:23 of 2nd period - Wrist shot by Zdeno Chara.
4:23 of 2nd period - Shot Blocked by Mattias Timander.
4:25 of 2nd period - Wrist shot by Victor Oreskovich.
4:25 of 2nd period - Deflect By Scottie Upshall.
4:25 of 2nd period - Stopped by Niklas Backstrom without a rebound.
4:26 of 2nd period - Boyd Devereaux wins face-off versus Jeff Carter in Sabres zone.
5:20 of 2nd period - Jochen Hecht is hit by Dave Tanabe and loses puck.
5:48 of 2nd period - Wrist shot by Matt Cooke.
5:48 of 2nd period - Stopped by Niklas Backstrom without a rebound.
5:49 of 2nd period - Eric Lindros wins face-off versus Boyd Devereaux in Sabres zone.
5:50 of 2nd period - Snap shot by Scott Hartnell.
5:50 of 2nd period - Shot Blocked by Ole-Kristian Tollefsen.
5:52 of 2nd period - Slapshot by Andrew Alberts.
5:52 of 2nd period - Stopped by Niklas Backstrom with a rebound.
5:54 of 2nd period - Wrist shot by Scott Hartnell.
5:54 of 2nd period - Shot Misses the Net.
5:56 of 2nd period - Snap shot by Michael Ryder.
5:56 of 2nd period - Shot Blocked by Stanislav Chistov.
6:35 of 2nd period - Dave Tanabe is hit by Scottie Upshall and loses puck.
7:19 of 2nd period - Backhand shot by Andreas Johansson.
7:19 of 2nd period - Shot Misses the Net.
7:21 of 2nd period - Slapshot by Dave Tanabe.
7:21 of 2nd period - Shot Blocked by Michael Ryder.
8:05 of 2nd period - Slapshot by Matt Cooke.
8:05 of 2nd period - Stopped by Niklas Backstrom without a rebound.
8:06 of 2nd period - Boyd Devereaux wins face-off versus Matt Hendricks in Sabres zone.
8:53 of 2nd period - Icing by Scott Hartnell.
8:54 of 2nd period - Mats Sundin wins face-off versus Jeff Carter in Bruins zone.
9:44 of 2nd period - Off-side.
9:45 of 2nd period - Martin Sonnenberg wins face-off versus Jochen Hecht in neutral zone.
10:10 of 2nd period - Michael Ryder is hit by Mats Sundin and loses puck.
10:17 of 2nd period - Wrist shot by Scott Hartnell.
10:17 of 2nd period - Shot Blocked by Markus Naslund.
10:19 of 2nd period - Snap shot by Scott Hartnell.
10:19 of 2nd period - Deflect By Eric Lindros.
10:19 of 2nd period - Stopped by Niklas Backstrom with a rebound.
10:39 of 2nd period - Brendan Morrison is hit by Christoph Schubert and loses puck.
10:56 of 2nd period - Joe Corvo is hit by Martin Sonnenberg and loses puck.
10:58 of 2nd period - Minor Penalty to Matt Hendricks for Hooking.
10:59 of 2nd period - Matt Cooke wins face-off versus Mats Sundin in Bruins zone.
11:27 of 2nd period - Wrist shot by Dave Tanabe.
11:27 of 2nd period - Goal by Dave Tanabe - Bruins : 1 - Sabres : 1.
11:28 of 2nd period - Mats Sundin wins face-off versus Eric Lindros in neutral zone.
11:53 of 2nd period - Dave Tanabe is hit by Wojtek Wolski and loses puck.
12:23 of 2nd period - Snap shot by Brendan Morrison.
12:23 of 2nd period - Shot Misses the Net.
12:51 of 2nd period - Ryan O'Byrne is hit by Andreas Johansson and loses puck.
13:09 of 2nd period - Off-side.
13:10 of 2nd period - Jeff Carter wins face-off versus Brendan Morrison in neutral zone.
13:14 of 2nd period - Off-side.
13:15 of 2nd period - Mats Sundin wins face-off versus Jeff Carter in neutral zone.
13:28 of 2nd period - Slapshot by Zdeno Chara.
13:28 of 2nd period - Shot Blocked by Markus Naslund.
13:30 of 2nd period - Snap shot by Wojtek Wolski.
13:30 of 2nd period - Shot Misses the Net.
14:22 of 2nd period - Slapshot by Jeff Carter.
14:22 of 2nd period - Shot Blocked by Mats Sundin.
14:24 of 2nd period - Snap shot by Vitali Yachmenev.
14:24 of 2nd period - Deflect By Wojtek Wolski.
14:24 of 2nd period - Shot Blocked by Daniel Cleary.
14:24 of 2nd period - Puck is out of play.
14:25 of 2nd period - Martin Sonnenberg wins face-off versus Eric Lindros in Sabres zone.
14:32 of 2nd period - Snap shot by Eric Lindros.
14:32 of 2nd period - Shot Misses the Net.
14:34 of 2nd period - Slapshot by Richard Lintner.
14:34 of 2nd period - Stopped by Niklas Backstrom without a rebound.
14:35 of 2nd period - Martin Sonnenberg wins face-off versus Scott Hartnell in Sabres zone.
14:57 of 2nd period - Wrist shot by Eric Lindros.
14:57 of 2nd period - Stopped by Niklas Backstrom without a rebound.
14:58 of 2nd period - Scottie Upshall wins face-off versus Brendan Morrison in Sabres zone.
14:59 of 2nd period - Wrist shot by Victor Oreskovich.
14:59 of 2nd period - Shot Misses the Net.
15:07 of 2nd period - Slapshot by Ole-Kristian Tollefsen.
15:07 of 2nd period - Shot Blocked by Jochen Hecht.
15:09 of 2nd period - Snap shot by Niklas Sundstrom.
15:09 of 2nd period - Stopped by Evgeni Nabokov with a rebound.
15:11 of 2nd period - Wrist shot by Brendan Morrison.
15:11 of 2nd period - Stopped by Evgeni Nabokov with a rebound.
15:13 of 2nd period - Wrist shot by Brendan Morrison.
15:13 of 2nd period - Stopped by Evgeni Nabokov without a rebound.
15:14 of 2nd period - Mats Sundin wins face-off versus Eric Lindros in Bruins zone.
15:21 of 2nd period - Slapshot by Scott Hartnell.
15:21 of 2nd period - Stopped by Niklas Backstrom with a rebound.
15:23 of 2nd period - Slapshot by Andrew Alberts.
15:23 of 2nd period - Shot Misses the Net.
15:39 of 2nd period - Andrew Alberts is hit by Brendan Morrison and loses puck.
15:48 of 2nd period - Wrist shot by Brendan Morrison.
15:48 of 2nd period - Stopped by Evgeni Nabokov without a rebound.
15:49 of 2nd period - Eric Lindros wins face-off versus Martin Sonnenberg in Bruins zone.
16:23 of 2nd period - Snap shot by Daniel Cleary.
16:23 of 2nd period - Deflect By Mats Sundin.
16:23 of 2nd period - Stopped by Evgeni Nabokov with a rebound.
17:01 of 2nd period - Andrew Alberts is hit by Christian Laflamme and loses puck.
17:23 of 2nd period - Icing by Martin Sonnenberg.
17:24 of 2nd period - Eric Lindros wins face-off versus Boyd Devereaux in Sabres zone.
17:25 of 2nd period - Snap shot by Scott Hartnell.
17:25 of 2nd period - Stopped by Niklas Backstrom with a rebound.
17:30 of 2nd period - Off-side.
17:31 of 2nd period - Eric Lindros wins face-off versus Mats Sundin in neutral zone.
17:42 of 2nd period - Ryan O'Byrne is hit by Daniel Cleary and loses puck.
18:01 of 2nd period - Snap shot by Brendan Morrison.
18:01 of 2nd period - Shot Misses the Net.
18:03 of 2nd period - Snap shot by Niklas Sundstrom.
18:03 of 2nd period - Shot Blocked by Joe Corvo.
18:05 of 2nd period - Snap shot by Dave Tanabe.
18:05 of 2nd period - Shot Blocked by Scottie Upshall.
18:07 of 2nd period - Wrist shot by Ladislav Nagy.
18:07 of 2nd period - Stopped by Evgeni Nabokov with a rebound.
18:49 of 2nd period - Snap shot by Mats Sundin.
18:49 of 2nd period - Shot Hit the Post.
19:41 of 2nd period - Scottie Upshall is hit by Andreas Johansson and loses puck.
3rd period
0:01 of 3rd period - Markus Naslund wins face-off versus Eric Lindros in neutral zone.
0:06 of 3rd period - Snap shot by Michal Rozsival.
0:06 of 3rd period - Stopped by Evgeni Nabokov without a rebound.
0:07 of 3rd period - Eric Lindros wins face-off versus Mats Sundin in Bruins zone.
0:07 of 3rd period - Eric Lindros is hit by Michal Rozsival.
0:15 of 3rd period - Slapshot by Zdeno Chara.
0:15 of 3rd period - Stopped by Niklas Backstrom without a rebound.
0:16 of 3rd period - Eric Lindros wins face-off versus Mats Sundin in Sabres zone.
0:19 of 3rd period - Slapshot by Michael Ryder.
0:19 of 3rd period - Stopped by Niklas Backstrom without a rebound.
0:20 of 3rd period - Eric Lindros wins face-off versus Mats Sundin in Sabres zone.
0:27 of 3rd period - Wrist shot by Scott Hartnell.
0:27 of 3rd period - Stopped by Niklas Backstrom with a rebound.
0:35 of 3rd period - Wrist shot by Markus Naslund.
0:35 of 3rd period - Stopped by Evgeni Nabokov without a rebound.
0:36 of 3rd period - Jeff Carter wins face-off versus Brendan Morrison in Bruins zone.
0:49 of 3rd period - Snap shot by Wojtek Wolski.
0:49 of 3rd period - Stopped by Niklas Backstrom with a rebound.
0:51 of 3rd period - Slapshot by Andrew Alberts.
0:51 of 3rd period - Stopped by Niklas Backstrom without a rebound.
0:52 of 3rd period - Mats Sundin wins face-off versus Eric Lindros in Sabres zone.
1:23 of 3rd period - Wrist shot by Andreas Johansson.
1:23 of 3rd period - Shot Blocked by Andrew Alberts.
2:07 of 3rd period - Wrist shot by Eric Lindros.
2:07 of 3rd period - Shot Misses the Net.
3:28 of 3rd period - Wrist shot by Mats Sundin.
3:28 of 3rd period - Stopped by Evgeni Nabokov without a rebound.
3:29 of 3rd period - Michael Ryder wins face-off versus Mats Sundin in Bruins zone.
3:34 of 3rd period - Mats Sundin is hit by Scott Hartnell and loses puck.
3:42 of 3rd period - Off-side.
3:43 of 3rd period - Eric Lindros wins face-off versus Martin Sonnenberg in neutral zone.
3:54 of 3rd period - Snap shot by Michael Ryder.
3:54 of 3rd period - Deflect By Scott Hartnell.
3:54 of 3rd period - Shot Misses the Net.
3:54 of 3rd period - Puck is out of play.
3:55 of 3rd period - Eric Lindros wins face-off versus Mats Sundin in Sabres zone.
4:41 of 3rd period - Snap shot by Boyd Devereaux.
4:41 of 3rd period - Stopped by Evgeni Nabokov without a rebound.
4:42 of 3rd period - Boyd Devereaux wins face-off versus Jochen Hecht in Bruins zone.
5:12 of 3rd period - Wrist shot by Mats Sundin.
5:12 of 3rd period - Stopped by Evgeni Nabokov without a rebound.
5:13 of 3rd period - Mats Sundin wins face-off versus Eric Lindros in Bruins zone.
5:54 of 3rd period - Wrist shot by Michal Rozsival.
5:54 of 3rd period - Stopped by Evgeni Nabokov with a rebound.
5:59 of 3rd period - Minor Penalty to Daniel Cleary for Slashing.
6:00 of 3rd period - Brendan Morrison wins face-off versus Victor Oreskovich in Sabres zone.
6:13 of 3rd period - Slapshot by Daniel Briere.
6:13 of 3rd period - Shot Misses the Net.
6:51 of 3rd period - Andrew Alberts is hit by Daniel Briere and loses puck.
7:26 of 3rd period - Michal Rozsival is hit by Jeff Carter and loses puck.
7:59 of 3rd period - Penalty to Daniel Cleary is over, Daniel Cleary is back on ice.
8:03 of 3rd period - Snap shot by Brendan Morrison.
8:03 of 3rd period - Shot Misses the Net.
8:15 of 3rd period - Snap shot by Matt Cooke.
8:15 of 3rd period - Stopped by Niklas Backstrom with a rebound.
8:37 of 3rd period - Wrist shot by Stanislav Chistov.
8:37 of 3rd period - Shot Misses the Net.
9:52 of 3rd period - Daniel Briere is hit by Vitali Yachmenev and loses puck.
11:04 of 3rd period - Ladislav Nagy is hit by Matt Hendricks and loses puck.
11:51 of 3rd period - Michal Rozsival is hit by Matt Hendricks and loses puck.
12:08 of 3rd period - Icing by Niclas Havelid.
12:09 of 3rd period - Scottie Upshall wins face-off versus Boyd Devereaux in Sabres zone.
12:22 of 3rd period - Off-side.
12:23 of 3rd period - Martin Sonnenberg wins face-off versus Eric Lindros in neutral zone.
12:30 of 3rd period - Snap shot by Daniel Briere.
12:30 of 3rd period - Stopped by Evgeni Nabokov without a rebound.
12:31 of 3rd period - Eric Lindros wins face-off versus Martin Sonnenberg in Bruins zone.
13:18 of 3rd period - Slapshot by Mike Grier.
13:18 of 3rd period - Shot Blocked by Niklas Sundstrom.
13:20 of 3rd period - Slapshot by Richard Lintner.
13:20 of 3rd period - Shot Misses the Net.
13:22 of 3rd period - Wrist shot by Mike Grier.
13:22 of 3rd period - Shot Blocked by Ladislav Nagy.
13:28 of 3rd period - Wrist shot by Matt Cooke.
13:28 of 3rd period - Stopped by Niklas Backstrom without a rebound.
13:29 of 3rd period - Mats Sundin wins face-off versus Eric Lindros in Sabres zone.
14:02 of 3rd period - Minor Penalty to Andreas Johansson for Slashing.
14:03 of 3rd period - Eric Lindros wins face-off versus Daniel Briere in Sabres zone.
14:06 of 3rd period - Snap shot by Scott Hartnell.
14:06 of 3rd period - Deflect By Eric Lindros.
14:06 of 3rd period - Shot Misses the Net.
14:06 of 3rd period - Puck is out of play.
14:07 of 3rd period - Brendan Morrison wins face-off versus Eric Lindros in Sabres zone.
14:17 of 3rd period - Off-side.
14:18 of 3rd period - Brendan Morrison wins face-off versus Eric Lindros in neutral zone.
14:49 of 3rd period - Slapshot by Zdeno Chara.
14:49 of 3rd period - Shot Misses the Net.
14:51 of 3rd period - Slapshot by Jeff Carter.
14:51 of 3rd period - Goal by Jeff Carter - Bruins : 2 - Sabres : 1.
14:52 of 3rd period - Eric Lindros wins face-off versus Mats Sundin in neutral zone.
15:23 of 3rd period - Mattias Timander is hit by Scottie Upshall and loses puck.
15:53 of 3rd period - Icing by Andreas Johansson.
15:54 of 3rd period - Martin Sonnenberg wins face-off versus Jeff Carter in Sabres zone.
15:59 of 3rd period - Snap shot by Christian Laflamme.
15:59 of 3rd period - Shot Blocked by Zdeno Chara.
16:34 of 3rd period - Slapshot by Andreas Johansson.
16:34 of 3rd period - Shot Blocked by Andrew Alberts.
16:48 of 3rd period - Jeff Carter is hit by Daniel Briere and loses puck.
17:13 of 3rd period - Slapshot by Andreas Johansson.
17:13 of 3rd period - Shot Blocked by Joe Corvo.
17:15 of 3rd period - Snap shot by Andreas Johansson.
17:15 of 3rd period - Goal by Andreas Johansson - Bruins : 2 - Sabres : 2.
17:16 of 3rd period - Jochen Hecht wins face-off versus Niklas Sundstrom in neutral zone.
17:23 of 3rd period - Ole-Kristian Tollefsen is hit by Richard Lintner and loses puck.
17:38 of 3rd period - Icing by Brendan Morrison.
17:39 of 3rd period - Eric Lindros wins face-off versus Brendan Morrison in Sabres zone.
17:40 of 3rd period - Snap shot by Scott Hartnell.
17:40 of 3rd period - Shot Blocked by Michal Rozsival.
17:42 of 3rd period - Snap shot by Michael Ryder.
17:42 of 3rd period - Shot Blocked by Ole-Kristian Tollefsen.
17:44 of 3rd period - Wrist shot by Zdeno Chara.
17:44 of 3rd period - Shot Blocked by Ole-Kristian Tollefsen.
17:46 of 3rd period - Wrist shot by Michael Ryder.
17:46 of 3rd period - Shot Blocked by Niklas Sundstrom.
17:48 of 3rd period - Snap shot by Zdeno Chara.
17:48 of 3rd period - Shot Misses the Net.
18:12 of 3rd period - Slapshot by Scottie Upshall.
18:12 of 3rd period - Shot Blocked by Ole-Kristian Tollefsen.
18:22 of 3rd period - Wrist shot by Niklas Sundstrom.
18:22 of 3rd period - Stopped by Evgeni Nabokov without a rebound.
18:23 of 3rd period - Michael Ryder wins face-off versus Mats Sundin in Bruins zone.
18:48 of 3rd period - Dave Tanabe is hit by Wojtek Wolski and loses puck.
18:57 of 3rd period - Wrist shot by Wojtek Wolski.
18:57 of 3rd period - Shot Blocked by Martin Sonnenberg.
19:37 of 3rd period - Victor Oreskovich is hit by Martin Sonnenberg and loses puck.
Overtime #1
0:01 of 1st overtime period - Brendan Morrison wins face-off versus Eric Lindros in neutral zone.
0:10 of 1st overtime period - Slapshot by Daniel Briere.
0:10 of 1st overtime period - Shot Misses the Net.
0:30 of 1st overtime period - Slapshot by Markus Naslund.
0:30 of 1st overtime period - Goal by Markus Naslund - Bruins : 2 - Sabres : 3.
Output by the SimonT Hockey Simulator (STHS) for François Prévost -- Original Page W3C XHTML 1.0 Valid